 Dungeon Crawl Stone Soup version 0.18.1-48-g4cf74bf (webtiles) character file.

5352 Joat the Poker (level 10, -6/51 HPs)
             Began as a Vine Stalker Wizard on Aug 16, 2016.
             Was a Priest of Makhleb.
             Mangled by a six-headed hydra (14 damage)
             ... on level 1 of the Lair of Beasts on Aug 17, 2016.
             The game lasted 01:20:48 (8899 turns).

Joat the Poker (Vine Stalker Wizard)                Turns: 8899, Time: 01:20:49

Health: -6/51      AC: 12    Str: 11    XL:     10   Next: 65%
Magic:  0/16       EV: 14    Int: 18    God:    Makhleb [***...]
Gold:   665        SH:  6    Dex: 21    Spells: 7 memorised, 3 levels left

rFire  . . .     SeeInvis .     d - +7 spear "Dokaekoz" {pierce, Dex+6}
rCold  . . .     Gourm    .     a - +0 robe
rNeg   . . .     Faith    .     k - +0 buckler
rPois  .         Spirit   +     b - +1 hat
rElec  .         Dismiss  .     (no cloak)
rCorr  .         Reflect  .     (no gloves)
SustAt .         Harm     .     s - +1 pair of boots
MR     +....                    (no amulet)
Stlth  +++.......               N - +2 ring of protection
                                F - +4 ring of protection

@: very slightly contaminated, repel missiles, somewhat resistant to hostile
enchantments, fairly stealthy
A: antennae 1, fangs 3, low mp 1, regeneration 2, shaggy fur 1, wild magic 1,
magic shield, antimagic bite, no device heal 3, rot immunity
a: Minor Destruction, Lesser Servant of Makhleb, Renounce Religion


You were on level 1 of the Lair of Beasts.
You worshipped Makhleb.
Makhleb was most pleased with you.
You were hungry.

You visited 2 branches of the dungeon, and saw 10 of its levels.
You also visited: Ossuary.

You collected 665 gold pieces.

Inventory:

Hand Weapons
 d - the +7 spear "Dokaekoz" (weapon) {pierce, Dex+6}
   (You found it on level 9 of the Dungeon)

   It inflicts extra damage upon your enemies.
   It affects your dexterity (+6).
 e - a +0 hand axe
 n - a +2 short sword of flaming
 q - a +2 mace of protection
 P - a +1 flail of holy wrath
Missiles
 B - 2 tomahawks of returning (quivered)
 C - 2 tomahawks
Armour
 a - a +0 robe (worn)
 b - a +1 hat (worn)
 g - a +0 plate armour
 k - a +0 buckler (worn)
 s - a +1 pair of boots (worn)
 Q - a +0 shield
 R - a troll hide
Rods
 T - a +0 rod of clouds (13/13)
   (You found it on level 9 of the Dungeon)
Jewellery
 h - an uncursed ring of protection from fire
 o - an uncursed ring of sustain attributes
 F - a +4 ring of protection (left hand)
 N - a +2 ring of protection (right hand)
Wands
 f - a wand of slowing (15/48)
 j - a wand of polymorph (8/24)
 y - a wand of digging (21/24)
 E - a wand of acid (10/15)
Scrolls
 l - a scroll of recharging
 m - 8 scrolls of teleportation
 p - 4 scrolls of identify
 x - a scroll of blinking
 z - 3 scrolls of enchant armour
 G - 3 scrolls of fog
 K - 2 scrolls of amnesia
 L - a scroll of holy word
Potions
 t - 2 potions of flight
 H - 2 potions of curing
 I - a potion of ambrosia
 J - a potion of mutation
 M - a potion of cancellation
Books
 c - a book of Minor Magic

   Spells                             Type                      Level
   a - Magic Dart                     Conjuration                  1
   b - Blink                          Translocation                2
   c - Call Imp                       Summoning                    2
   d - Repel Missiles                 Charms/Air                   2
   e - Slow                           Hexes                        2
   f - Conjure Flame                  Conjuration/Fire             3
   g - Mephitic Cloud                 Conjuration/Poison/Air       3
 i - a book of Power

   Spells                             Type                      Level
   a - Fulminant Prism                Conjuration/Hexes            4
   b - Iskenderun's Mystic Blast      Conjuration                  4
   c - Venom Bolt                     Conjuration/Poison           5
   d - Bolt of Magma                  Conjuration/Fire/Earth       5
   e - Iron Shot                      Conjuration/Earth            6
   f - Orb of Destruction             Conjuration                  7
   g - Spellforged Servitor           Conjuration/Summoning        7
 D - a book of Battle

   Spells                             Type                      Level
   a - Infusion                       Charms                       1
   b - Shroud of Golubria             Charms/Translocation         2
   c - Song of Slaying                Charms                       2
   d - Spectral Weapon                Hexes/Charms                 3
   e - Regeneration                   Charms/Necromancy            3
Miscellaneous
 O - an ornate deck of changes {the Shadow}
Comestibles
 r - 8 slices of pizza
 u - a chunk of flesh
 v - 5 beef jerkies
 w - 2 meat rations
 A - 4 royal jellies
 S - 3 bread rations


   Skills:
 - Level 4.6 Fighting
 - Level 5.1 Maces & Flails
 + Level 5.2 Polearms
 - Level 3.0 Dodging
 - Level 2.4 Stealth
 - Level 4.1 Shields
 - Level 4.5 Spellcasting
 - Level 4.9 Conjurations
 - Level 3.6 Summonings
 - Level 4.0 Translocations
 - Level 4.6 Air Magic
 - Level 4.6 Poison Magic


You had 3 spell levels left.
You knew the following spells:

 Your Spells              Type           Power        Failure   Level  Hunger
a - Magic Dart            Conj           ####         3%          1    None
b - Blink                 Tloc           N/A          8%          2    #......
c - Mephitic Cloud        Conj/Pois/Air  ####....     14%         3    ###....
d - Repel Missiles        Chrm/Air       ###...       17%         2    #......
e - Conjure Flame         Conj/Fire      ###.....     24%         3    ###....
q - Shroud of Golubria    Chrm/Tloc      ##........   17%         2    #......
w - Call Imp              Summ           ###.....     10%         2    #......


Dungeon Overview and Level Annotations

Branches:
Dungeon (9/15)               Lair (1/8) D:9
 Temple: D:4-7          Orc: D:9-12

Altars:
Dithmenos
Gozag
Kikubaaqudgha
Makhleb
Nemelex Xobeh
Pakellas
Xom
Zin

Annotations:
D:7 Joat's ghost, novice GrFi


Innate Abilities, Weirdness & Mutations

You have razor-sharp teeth.
You heal very quickly.
When hurt, damage is shared between your health and your magic reserves.
Your bite disrupts and absorbs the magic of your enemies.
Potions and wands cannot restore your health.
You are immune to rotting.
You have a pair of small antennae on your head.
Your magical capacity is low (-10% MP).
You are covered in fur (AC +1).
Your spells are a little harder to cast, but a little more powerful.


Message History

The six-headed hydra bites you. x2; The six-headed hydra bites you!
The six-headed hydra bites you.
Your crimson imp blinks!
The six-headed hydra misses you. The six-headed hydra bites you! x2
The six-headed hydra barely misses you. x2
The six-headed hydra closely misses you.
Your crimson imp barely misses the six-headed hydra.
You are feeling hungry.
Your crimson imp hits the six-headed hydra.
Casting: Call Imp
Confirm with . or Enter, or press ? or * to list all spells.
A beastly little devil appears in a puff of flame.
The six-headed hydra bites you.
* * * LOW HITPOINT WARNING * * *
The six-headed hydra misses you.
You block the six-headed hydra's attack.
The six-headed hydra bites you!
* * * LOW HITPOINT WARNING * * *
The six-headed hydra bites you!
You die...

## ##.## ...## #...# ##...#
####....##### #P.(......#.#
##...........## ##
#.........@5.P# ..##
#....<.รท..D..##
#...###.........5..#
##....... #..##............#
#.........
#....#..........###.........
###..............##.........
###...#.......##P.........
###..........##.........
#.#...................


You could see a six-headed hydra and 2 friendly crimson imps.

Vanquished Creatures
  2 two-headed ogres (D:9)
  Prince Ribbit (D:9)
  Sigmund (D:3)
  A human (D:9)
  2 steam dragons
  A hog (D:9)
  Menkaure (D:7)
  A mottled dragon (D:9)
  A water moccasin (Lair:1)
  An orc warrior (D:9)
  A porcupine (Lair:1)
  2 sky beasts
  An eye of draining (D:9)
  A black bear (D:7)
  A necrophage (D:8)
  2 ogres
  A centaur (D:8)
  4 crocodiles (D:9)
  4 giant frogs
  A gnoll sergeant (D:8)
  2 scorpions (D:9)
  7 wights
  A howler monkey (D:6)
  2 crimson imps
  2 centaur zombies
  A hound (D:4)
  2 orc priests
  7 human zombies (D:8)
  4 orc wizards
  4 iguanas
  3 worker ants
  3 sheep (D:9)
  3 mummies
  5 adders
  A gnoll (D:8)
  3 shadow imps (D:5)
  2 adder skeletons
  2 adder zombies
  A worm (D:4)
  5 giant geckos
  15 orcs
  3 giant cockroaches
  6 goblins
  4 hobgoblins
  17 jackals
  8 kobolds
  2 quokkas
  2 ball pythons
  A bat (D:3)
  A giant gecko zombie (D:8)
  4 giant newts
  A gnoll zombie (Ossuary)
  2 kobold zombies (Ossuary)
  An orc skeleton (D:8)
  5 rats (D:1)
162 creatures vanquished.

Vanquished Creatures (collateral kills)
  Erolcha (D:8)
  A troll (D:8)
  A hippogriff (D:8)
  An ice beast (D:8)
  A sky beast (D:5)
  An ogre (D:6)
  A centaur (D:5)
  2 giant frogs (D:6)
  A scorpion (D:4)
  2 wights (D:9)
  An orc priest (D:4)
  A centaur skeleton (D:9)
  A human skeleton (D:8)
  6 mummies (Ossuary)
  3 adders
  7 gnolls
  A shadow imp (D:6)
  A dart slug (D:2)
  A giant gecko (D:8)
  4 orcs
  A giant cockroach (D:3)
  A hobgoblin (D:3)
  3 jackals
  A ball python (D:6)
  A bat (D:2)
  A giant newt (D:3)
  A hobgoblin zombie (Ossuary)
  4 kobold zombies (Ossuary)
  A rat (D:2)
52 creatures vanquished.

Grand Total: 214 creatures vanquished

Notes
Turn   | Place    | Note
--------------------------------------------------------------
     0 | D:1      | Joat the Vine Stalker Wizard began the quest for the Orb.
     0 | D:1      | Reached XP level 1. HP: 9/9 MP: 5/5
   187 | D:1      | Reached XP level 2. HP: 14/14 MP: 3/7
   303 | D:1      | Reached skill level 1 in Fighting
   512 | D:1      | Learned a level 2 spell: Call Imp
   612 | D:2      | Reached XP level 3. HP: 17/18 MP: 1/9
  1002 | D:2      | Found an oddly glowing altar of Pakellas.
  1266 | D:2      | Gained mutation: Your magical capacity is low (-10% MP). [potion of mutation]
  1266 | D:2      | Gained mutation: You have a pair of small antennae on your head. [potion of mutation]
  1266 | D:2      | Gained mutation: You are covered in fur (AC +1). [potion of mutation]
  1641 | D:2      | Reached XP level 4. HP: 23/23 MP: 3/9
  1721 | D:3      | Noticed Sigmund
  2003 | D:3      | Killed Sigmund
  2003 | D:3      | Reached XP level 5. HP: 19/26 MP: 4/10
  2003 | D:3      | Gained mutation: You heal very quickly. [Vine Stalker growth]
  2003 | D:3      | Reached XP level 6. HP: 22/30 MP: 4/11
  2051 | D:3      | Learned a level 2 spell: Blink
  2054 | D:3      | Learned a level 2 spell: Repel Missiles
  2420 | D:3      | Reached skill level 1 in Shields
  2740 | D:4      | Found a shimmering altar of Xom.
  2937 | D:4      | Found a shadowy altar of Dithmenos.
  3334 | D:4      | Reached skill level 1 in Air Magic
  3639 | D:5      | Entered Level 5 of the Dungeon
  3704 | D:5      | Noticed a sky beast
  3723 | D:5      | Killed a sky beast
  3723 | D:5      | Reached XP level 7. HP: 20/34 MP: 5/12
  3727 | D:5      | yumy
  3727 | D:5      | Gained mutation: Your spells are a little harder to cast, but a little more powerful. [mutagenic meat]
  4639 | D:6      | Gained mutation: You have razor-sharp teeth. [Vine Stalker growth]
  4639 | D:6      | Reached XP level 8. HP: 38/38 MP: 13/13
  4667 | D:6      | Found a glowing silver altar of Zin.
  4667 | D:6      | Found a burning altar of Makhleb.
  4668 | D:6      | Noticed a green death
  4668 | D:6      | Noticed an angel
  4681 | D:6      | Became a worshipper of Makhleb the Destroyer
  4896 | D:6      | Learned a level 3 spell: Mephitic Cloud
  5000 | D:6      | Learned a level 2 spell: Shroud of Golubria
  5286 | D:7      | Found a sand-covered staircase.
  5318 | Ossuary  | Entered an ossuary
  5414 | Ossuary  | Reached * piety under Makhleb
  5781 | D:7      | Noticed Joat's ghost (novice GrFi)
  5781 | D:7      | noob
  6131 | D:7      | Noticed Menkaure
  6137 | D:7      | Killed Menkaure
  6704 | D:8      | Noticed Erolcha
  6722 | D:8      | Killed Erolcha
  6722 | D:8      | Reached XP level 9. HP: 42/42 MP: 6/15
  6768 | D:8      | Learned a level 3 spell: Conjure Flame
  6908 | D:8      | Noticed a troll
  6932 | D:8      | Killed a troll
  7172 | D:8      | Reached ** piety under Makhleb
  7172 | D:8      | Reached skill level 1 in Maces & Flails
  7239 | D:8      | Found an ancient bone altar of Kikubaaqudgha.
  7527 | D:9      | Noticed Prince Ribbit
  7683 | D:9      | Identified a +0 rod of clouds (13/13) (You found it on level 9 of the Dungeon)
  7692 | D:9      | Noticed a two-headed ogre
  7704 | D:9      | Killed a two-headed ogre
  7704 | D:9      | Reached XP level 10. HP: 49/49 MP: 10/16
  7709 | D:9      | Found an opulent altar of Gozag.
  7709 | D:9      | Found a sparkling altar of Nemelex Xobeh.
  7957 | D:9      | Reached skill level 5 in Maces & Flails
  8056 | D:9      | Got a jewelled spear
  8057 | D:9      | Identified the +7 spear "Dokaekoz" {pierce, Dex+6} (You found it on level 9 of the Dungeon)
  8241 | D:9      | Killed Prince Ribbit
  8241 | D:9      | Reached skill level 1 in Polearms
  8365 | D:9      | Reached *** piety under Makhleb
  8695 | D:9      | Found a staircase to the Lair.
  8731 | Lair:1   | Entered Level 1 of the Lair of Beasts
  8735 | Lair:1   | Reached skill level 5 in Polearms
  8766 | Lair:1   | Noticed a six-headed hydra
  8899 | Lair:1   | Mangled by a six-headed hydra

Skill      XL: |  1  2  3  4  5  6  7  8  9 10 |
---------------+-------------------------------+-----
Fighting       | 1 4 |  4.6
Conjurations   | 2 4 |  4.9
Shields        | 2 4 |  4.1
Air Magic      | 1 4 |  4.6
Translocations | 3 4 |  4.0
Poison Magic   | 4 |  4.6
Summonings     | 3 |  3.6
Spellcasting   | 4 |  4.5
Dodging        | 3 |  3.0
Maces & Flails | 4 5 |  5.1
Polearms       | 5 |  5.2
Stealth        | |  2.4

Action                   |  1- 3 |  4- 6 |  7- 9 | 10-12 || total
-------------------------+-------+-------+-------+-------++-------
Melee: Unarmed           |    11 |     4 |       |       ||    15
       Bite              |     5 |    13 |   126 |    31 ||   175
       Hand axe          |    10 |       |       |       ||    10
       Short sword       |    14 |    54 |       |       ||    68
       Mace              |       |    21 |   417 |       ||   438
       Flail             |       |       |     2 |    42 ||    44
       Spear             |       |       |       |   103 ||   103
Throw: Tomahawk          |       |       |     2 |       ||     2
 Cast: Magic Dart        |    45 |    32 |    89 |    17 ||   183
       Call Imp          |    20 |    29 |    82 |    11 ||   142
       Blink             |       |     3 |     3 |     1 ||     7
       Shroud of Golubri |       |       |     5 |     1 ||     6
       Mephitic Cloud    |       |       |     5 |     3 ||     8
       Repel Missiles    |       |       |     1 |       ||     1
       Conjure Flame     |       |       |       |     1 ||     1
Evoke: Wand              |       |     1 |       |       ||     1
  Use: Potion            |     2 |     6 |     1 |     1 ||    10
       Scroll            |       |    13 |     9 |     2 ||    24
 Stab: Distracted        |       |     2 |     4 |     1 ||     7
       Confused          |       |       |     2 |     2 ||     4
       Sleeping          |       |       |     1 |     1 ||     2
  Eat: Chunk             |     3 |     7 |     6 |     2 ||    18
       Beef jerky        |       |     1 |       |       ||     1
       Fruit             |       |       |     3 |       ||     3
       Bread ration      |       |       |     3 |       ||     3
Armor: Robe              |     8 |    35 |   208 |    30 ||   281
       Plate armour      |     1 |       |       |       ||     1
       Skin              |       |     2 |       |       ||     2
Dodge: Dodged            |    40 |    58 |   314 |    89 ||   501
       Deflected         |       |       |       |     1 ||     1
Block: Buckler           |       |       |    95 |    24 ||   119
